 Dungeon Crawl Stone Soup version 0.23.2-30-g0e89c35649 (webtiles) character file.

Game seed: 16995847311491631146

1086 Matador8 the Cudgeler (level 8, -2/62 HPs)
             Began as a Yellow Draconian Conjurer on June 20, 2019.
             Was a Believer of Dithmenos.
             Killed by divine providence
             ... invoked by an orc priest
              (13 damage)
             ... on level 6 of the Dungeon.
             The game lasted 00:33:24 (5706 turns).

Matador8 the Cudgeler (Yellow Draconian Conjurer)   Turns: 5706, Time: 00:33:24

Health: -2/62      AC:  7    Str: 11    XL:     8   Next: 9%
Magic:  11/13      EV: 12    Int: 18    God:    Dithmenos [**....]
Gold:   380        SH:  0    Dex: 11    Spells: 9/13 levels left

rFire    . . .     SeeInvis .   a - +1 whip (drain)
rCold    . . .     Gourm    .   (no shield)
rNeg     . . .     Faith    .   (armour unavailable)
rPois    .         Spirit   .   (helmet restricted)
rElec    .         Reflect  .   (no cloak)
rCorr    +         Harm     .   j - +0 pair of gloves
MR       .....                  (no boots)
Stlth    ++........             (no amulet)
HPRegen  0.20/turn              (no ring)
MPRegen  0.13/turn              (no ring)

@: wreathed by umbra
A: spit acid, unfitting armour, robust 1, wild magic 1, cold-blooded, acid
resistance, AC +6
a: Breathe Acid, Shadow Step, Renounce Religion


You were on level 6 of the Dungeon.
You worshipped Dithmenos.
Dithmenos was pleased with you.
You were not hungry.

You visited 1 branch of the dungeon, and saw 6 of its levels.

You collected 380 gold pieces.

Inventory:

Hand Weapons
 a - a +1 whip of draining (weapon)
 b - a +0 blowgun
 e - a +2 hand axe of chopping
 l - a +1 dagger of venom
 t - a +5 scimitar
Missiles
 q - 20 poisoned needles
 v - 3 needles of confusion
Armour
 j - a +0 pair of gloves (worn)
 r - a +1 pair of boots
Jewellery
 w - a cursed ring of attention {unknown}
Wands
 y - a wand of scattershot (6)
Scrolls
 d - 3 scrolls of enchant weapon {unknown}
 g - 2 scrolls of random uselessness {unknown}
 i - 2 scrolls of immolation {unknown}
 k - 2 scrolls of remove curse {unknown}
 m - 3 scrolls of identify {unknown}
 o - 2 scrolls of blinking {unknown}
 s - 3 scrolls of fog {unknown}
Potions
 c - a potion of haste {unknown}
 f - a potion of berserk rage {unknown}
 h - 2 potions of curing
 n - a potion of flight {unknown}
 u - a potion of mutation
 x - a potion of heal wounds {unknown}
Comestibles
 p - 11 rations
 z - 2 chunks of flesh


   Skills:
 - Level 0.7(4.2) Axes
 - Level 6.8 Maces & Flails
 + Level 2.4 Throwing
 - Level 1.7 Dodging
 - Level 2.0 Stealth
 + Level 3.3 Spellcasting
 - Level 4.7 Conjurations
 - Level 3.2 Hexes


You had 9 spell levels left.
You knew the following spells:

 Your Spells              Type           Power        Failure   Level  Hunger
a - Magic Dart            Conj           ####         4%          1    None
b - Dazzling Spray        Conj/Hex       ###...       14%         3    ###....

Your spell library contained the following spells:

 Spells                   Type           Power        Failure   Level  Hunger
 Searing Ray              Conj           ####..       6%          2    ##.....
 Flame Tongue             Conj/Fire      ##...        10%         1    None
 Throw Flame              Conj/Fire      ##....       13%         2    ##.....
 Conjure Flame            Conj/Fire      ##......     26%         3    ###....
 Iskenderun's Mystic Bla  Conj           ####....     30%         4    ####...
 Inner Flame              Hex/Fire       ##......     32%         3    ###....
 Fulminant Prism          Conj/Hex       ###.......   38%         4    ####...
 Force Lance              Conj/Tloc      ##......     61%         4    ####...
 Sticky Flame             Conj/Fire      ##......     61%         4    ####...
 Fireball                 Conj/Fire      ##........   90%         5    ######.


Dungeon Overview and Level Annotations

Branches:
Dungeon (6/15)
 Temple: D:4-7

Altars:
Ashenzari
Dithmenos
Elyvilon
Fedhas
Hepliaklqana
Kikubaaqudgha
Nemelex Xobeh
Vehumet
Yredelemnul
The Shining One


Innate Abilities, Weirdness & Mutations

You can spit globs of acid.
Your golden yellow scales are hard. (AC +6)
You cannot fit into any form of body armour.
You are cold-blooded and may be slowed by cold attacks.
You are resistant to acid. (rCorr)
You are robust. (+10% HP)
Your spells are a little harder to cast, but a little more powerful.


Message History

* * * LOW HITPOINT WARNING * * *
You see here a runed falchion.
It was a potion of mutation.
You feel extremely strange.
You feel less in control of your magic.
You feel robust.
The orc wizard mumbles some strange words.
The orc wizard blinks!
Unknown command.
You feel better.
The orc priest mumbles some strange prayers to Beogh against you.
Beogh smites you!
* * * LOW HITPOINT WARNING * * *
The orc wizard closely misses you.
Okay, then.
Okay, then.
You feel better.
The orc wizard hits you but does no damage.
The orc wizard barely misses you.
The orc priest invokes the aid of Beogh against you.
Beogh smites you!
You die...

# ##.......##
#..## #
##.....##
#.## #
##...##
###.### #
##'## #.....#
# #.# #..o..#
### #.#
#..)..#
#.#####.####
#..oo.#
.........รท.#
#..o..#
#.###......#
###@### ###
##...#.# #.#
##.##.#####.#
####.......#
#########


You could see 2 orc priests and 2 orc wizards.

Vanquished Creatures
  2 phantoms
  An ogre (D:6)
  A wight (D:4)
  3 howler monkeys
  A bullfrog zombie (D:6)
  2 jellies (D:5)
  3 hounds
  A centaur skeleton (D:5)
  An orc priest (D:4)
  An iguana (D:6)
  An orc wizard (D:5)
  3 worker ants
  A hound skeleton (D:4)
  Robin (D:2)
  4 gnolls (D:3)
  9 adders
  A shadow imp (D:6)
  2 oozes
  4 worms
  A dart slug (D:5)
  9 leopard geckos
  7 orcs
  6 bats
  6 giant cockroaches
  20 goblins
  5 hobgoblins
  4 jackals
  11 kobolds
  3 quokkas
  3 ball pythons
  8 frilled lizards
  A jackal skeleton (D:4)
  12 rats
138 creatures vanquished.

Notes
Turn   | Place    | Note
-------+----------+-------------------------------------------
     0 | D:1      | Matador8 the Draconian Conjurer began the quest for the
                  | Orb.
     0 | D:1      | Reached XP level 1. HP: 14/14 MP: 3/3
   205 | D:1      | Reached XP level 2. HP: 16/20 MP: 5/5
   629 | D:2      | Reached skill level 1 in Maces & Flails
   629 | D:2      | Reached XP level 3. HP: 16/26 MP: 0/6
   772 | D:2      | Found a radiant altar of Vehumet.
   780 | D:2      | Learned a level 3 spell: Dazzling Spray
  1090 | D:2      | Noticed Robin
  1131 | D:2      | Reached skill level 2 in Maces & Flails
  1137 | D:2      | Reached XP level 4. HP: 25/33 MP: 7/7
  1140 | D:2      | Reached skill level 1 in Hexes
  1252 | D:2      | Found a basalt altar of Yredelemnul.
  1252 | D:2      | Found a shadowy altar of Dithmenos.
  1253 | D:2      | Found a hazy altar of Hepliaklqana.
  1262 | D:2      | Became a worshipper of Dithmenos the Shadowed
  1625 | D:2      | Killed Robin
  1961 | D:3      | Reached XP level 5. HP: 31/38 MP: 8/8
  2019 | D:3      | Found a blossoming altar of Fedhas.
  2052 | D:3      | Reached * piety under Dithmenos
  2117 | D:3      | Reached skill level 3 in Maces & Flails
  3017 | D:4      | Noticed a phantom
  3074 | D:4      | Killed a phantom
  3074 | D:4      | Reached skill level 4 in Maces & Flails
  3074 | D:4      | Reached XP level 6. HP: 27/45 MP: 0/9
  3382 | D:4      | Reached ** piety under Dithmenos
  3868 | D:4      | Reached skill level 5 in Maces & Flails
  3932 | D:4      | Your scales start taking on a golden yellow colour.
  3932 | D:4      | Reached XP level 7. HP: 46/50 MP: 6/10
  3932 | D:4      | Gained mutation: You are resistant to acid. (rCorr) [Yellow
                  | Draconian growth]
  4238 | D:4      | Found a faded altar of an unknown god.
  4238 | D:4      | Found a sparkling altar of Nemelex Xobeh.
  4243 | D:4      | Found an ancient bone altar of Kikubaaqudgha.
  4245 | D:4      | Found a faded altar of an unknown god.
  4246 | D:4      | Found a white marble altar of Elyvilon.
  4286 | D:5      | Entered Level 5 of the Dungeon
  4395 | D:5      | Reached skill level 6 in Maces & Flails
  5347 | D:6      | Reached skill level 1 in Throwing
  5385 | D:6      | Found a shattered altar of Ashenzari.
  5525 | D:6      | Reached XP level 8. HP: 56/57 MP: 5/12
  5535 | D:6      | Found a glowing golden altar of the Shining One.
  5701 | D:6      | Gained mutation: Your spells are a little harder to cast,
                  | but a little more powerful. [potion of mutation]
  5701 | D:6      | Gained mutation: You are robust. (+10% HP) [potion of
                  | mutation]
  5706 | D:6      | Killed from afar by an orc priest

Skill      XL: |  1  2  3  4  5  6  7 |
---------------+----------------------+-----
Stealth        | 2 |  2.0
Maces & Flails | 1 2 4 5 6 |  6.8
Hexes          | 1 3 |  3.2
Throwing       | 2 |  2.4
Spellcasting   | 3 |  3.3
Axes           | |  0.7
Dodging        | |  1.7
Conjurations   | |  4.7

Action                   |  1- 3 |  4- 6 |  7- 9 || total
-------------------------+-------+-------+-------++-------
Melee: Hand axe          |    11 |       |       ||    11
       Dagger            |     5 |       |       ||     5
       Tailslap          |     8 |    17 |    18 ||    43
       Unarmed           |     2 |       |       ||     2
       Whip              |    84 |   256 |   177 ||   517
 Fire: Blowgun           |       |     3 |       ||     3
 Cast: Magic Dart        |    27 |    43 |    20 ||    90
       Dazzling Spray    |       |    12 |     4 ||    16
  Use: Potion            |       |       |     4 ||     4
 Stab: Sleeping          |     1 |     6 |     4 ||    11
       Invisible         |       |     2 |       ||     2
  Eat: Chunk             |     1 |    10 |     5 ||    16
       Ration            |       |     1 |       ||     1
Armor: Skin              |    22 |    54 |    39 ||   115
Dodge: Dodged            |    58 |   171 |    99 ||   328
